 Dungeon Crawl Stone Soup version 0.30-a0-879-ga8ba668304 (webtiles) character file.

Game seed: 7235274433016116292

33 shadowstone the Conjurer (level 3, 19/19 HPs)
             Began as a Tengu Conjurer on Oct 8, 2022.
             Got out of the dungeon alive.
             The game lasted 00:08:11 (2371 turns).

shadowstone the Conjurer (Tengu Conjurer)           Turns: 2371, Time: 00:08:12

Health: 19/19      AC:  2    Str:  7    XL:     3   Next: 29%
Magic:  7/7        EV: 12    Int: 20    God:
Gold:   50         SH:  0    Dex: 12    Spells: 5/6 levels left

rFire   . . .      SeeInvis .    d - +1 long sword (elec)
rCold   . . .      Faith    .    (no shield)
rNeg    . . .      Spirit   .    a - +0 robe
rPois   .          Reflect  .    (helmet restricted)
rElec   .          Rampage  .    (no cloak)
rCorr   .                        (no gloves)
Will    .....                    (boots unavailable)
Stlth   ++                       (no amulet)
HPRegen 0.23/turn                (no ring)
MPRegen 0.10/turn                (no ring)

@: no status effects
A: beak, talons 3
a: no special abilities


You escaped.
You visited 1 branch of the dungeon, and saw 2 of its levels.

You collected 50 gold pieces.

Inventory:

Hand Weapons
 d - a +1 long sword of electrocution (weapon)
Armour
 a - a +0 robe (worn)
Scrolls
 e - 2 scrolls of identify {unknown}
Potions
 b - a potion of magic
 c - a potion of lignification {unknown}
 f - a potion of degeneration {unknown}


   Skills:
 + Level 0.1 Fighting
 + Level 0.1 Long Blades
 + Level 2.4 Dodging
 + Level 2.0 Stealth
 + Level 2.0 Spellcasting
 + Level 6.4 Conjurations


You had 5 spell levels left.
You knew the following spells:

 Your Spells              Type           Power      Damage    Failure   Level
a - Magic Dart            Conj           100%       1d8       1%          1

Your spell library contained the following spells:

 Spells                   Type           Power      Damage    Failure   Level
 Searing Ray              Conj           54%        2d6       1%          2
 Dazzling Flash           Conj/Hex       28%        N/A       13%         3
 Fulminant Prism          Conj/Hex       7%         3d7       38%         4
 Iskenderun's Mystic Bla  Conj/Tloc      14%        2d5       38%         4


Dungeon Overview and Level Annotations

Branches:
Dungeon (2/15)

Altars:


Innate Abilities, Weirdness & Mutations

You have a beak for a mouth.
You have claws for feet.


Message History

There are no items here.
Press: ? - help, v - describe, . - travel A faded altar of an unknown god.
Press: ? - help, v - describe, . - travel A faded altar of an unknown god.
Press: ? - help, v - describe, . - travel A faded altar of an unknown god.
Press: ? - help, v - describe, . - travel A faded altar of an unknown god.
Press: ? - help, v - describe, . - travel A faded altar of an unknown god.
You open the door.
There is an open door here.
There is an open gate here.
There is a staircase leading out of the dungeon here.
Casting: Magic Dart (safe; 1% risk of failure)
Confirm with . or Enter, or press ? or * to list all spells.
You don't know that spell.
Press: ? - help, v - describe, . - travel A staircase leading out of the dungeon.
There are no items here.
There are no items here.
You can't go down here!
You can't go down here!
Are you sure you want to leave the Dungeon?
This will make you lose the game! [Y]es or [N]o only, please.
Are you sure you want to leave the Dungeon?
This will make you lose the game! [Y]es or [N]o only, please.
Are you sure you want to leave the Dungeon?
This will make you lose the game! [Y]es or [N]o only, please.
Are you sure you want to leave the Dungeon?
This will make you lose the game! [Y]es or [N]o only, please.
Are you sure you want to leave the Dungeon?
This will make you lose the game! [Y]es or [N]o only, please.
Are you sure you want to leave the Dungeon?
This will make you lose the game! [Y]es or [N]o only, please.
Are you sure you want to leave the Dungeon?
This will make you lose the game! [Y]es or [N]o only, please.
Are you sure you want to leave the Dungeon?
This will make you lose the game!
You have escaped!

#..)..[.....##..#........
...†........###.......###
..#.##...#..........).#
..#.##...##.###...###.#
.g#..'...+......#.###.#
..####...##.##........# ..#
#...##..##'''##..#
..+.##...##..#.....#..#
..#......##..#..@..#..#
####.####..#.....#..#
#.......#..#.....#..########
#......>...##'''##..........
#.......#..........###########
#.......#...####.............#
#########.### ##.###########.#
#.# #.....# #.# #.# #.....#
#.#


There were no monsters in sight!

Vanquished Creatures
  An adder (D:2)
  A dart slug (D:1)
  A giant cockroach (D:1)
  4 goblins
  2 hobgoblins
  2 jackals (D:2)
  2 kobolds
  A quokka (D:2)
  2 ball pythons (D:1)
  2 bats
  A frilled lizard (D:1)
  2 rats
21 creatures vanquished.

Notes
Turn   | Place    | Note
-------+----------+-------------------------------------------
     0 | D:1      | shadowstone the Tengu Conjurer began the quest for the Orb.
     0 | D:1      | Reached XP level 1. HP: 10/10 MP: 4/4
   278 | D:2      | Reached skill level 6 in Conjurations
   278 | D:2      | Reached XP level 2. HP: 15/15 MP: 6/6
   306 | D:2      | Upgraded the game from 0.30-a0-222-ge547ba4400 to
                  | 0.30-a0-879-ga8ba668304
  1671 | D:1      | Reached XP level 3. HP: 2/19 MP: 7/7
  2220 | D:1      | Found a faded altar of an unknown god.
  2371 | D:$      | Got out of the dungeon alive.

Illustrated notes

Levels and vault maps discovered:
D:1:      dpeg_arrival_windows_large_door, layout_basic,
          chequers_ecumenical_altar_simple_redux, minmay_stone_trees_small
D:2:      layout_loops_ring

Skill      XL: |  1 |
---------------+----+-----
Conjurations   | 6 |  6.4
Fighting       | |  0.1
Long Blades    | |  0.1
Dodging        | |  2.4
Stealth        | |  2.0
Spellcasting   | |  2.0

Action                     || total
---------------------------++-------
  Melee: Unarmed           ||    11
         Long sword        ||    13
         Kick              ||     3
         Peck              ||     4
   Cast: Magic Dart        ||    23
 Armour: Robe              ||    19
  Dodge: Dodged            ||    47

Table legend: (Time is in decaauts)
 A = Elapsed time spent in this place.
 B = Non-inter-level travel time spent in this place.
 C = Inter-level travel time spent in this place.
 D = Time resting spent in this place.
 E = Time spent auto-exploring this place.
 F = Levels seen in this place.
 G = Mean time per level.
                   A        B        C        D        E       F      G
               +--------+--------+--------+--------+--------+-----+--------+
         Total |   2377 |   2306 |     71 |   1780 |     41 |   2 | 1188.5 |
       Dungeon |   2377 |   2306 |     71 |   1780 |     41 |   2 | 1188.5 |
               +--------+--------+--------+--------+--------+-----+--------+

Top non-repeatable levels by time:
     D:2: 1405 daAuts
     D:1: 972 daAuts
